 Dungeon Crawl Stone Soup version 0.19.5 (webtiles) character file.

51 Felix the Sneak (level 3, -1/31 HPs)
             Began as a Naga Ice Elementalist on Mar 5, 2017.
             Slain by galech's ghost (12 damage)
             ... on level 3 of the Dungeon.
             The game lasted 00:10:08 (2556 turns).

Felix the Sneak (Naga Ice Elementalist)             Turns: 2556, Time: 00:10:09

Health: -1/31      AC:  8    Str: 10    XL:     3   Next: 83%
Magic:  0/6        EV: 10    Int: 16    God:
Gold:   148        SH:  0    Dex: 11    Spells: 3 memorised, 0 levels left

rFire  . . .     SeeInvis +     k - +0 short sword (flame)
rCold  . . .     Gourm    .     a - +0 robe
rNeg   . . .     Faith    .     (no shield)
rPois  +         Spirit   +     (no helmet)
rElec  .         Reflect  .     (no cloak)
rCorr  .         Harm     .     g - +0 pair of gloves
MR     .....                    (no barding)
Stlth  ++........               f - amulet of guardian spirit
                                (no ring)
                                (no ring)

@: icy armour, very slow
A: see invisible, deformed body, poison resistance, slowness 2, slow metabolism
1, spit poison 1, AC +1
a: Spit Poison


You were on level 3 of the Dungeon.
You were not hungry.

You visited 1 branch of the dungeon, and saw 3 of its levels.

You collected 148 gold pieces.

Inventory:

Hand Weapons
 k - a +0 short sword of flaming (weapon)
Missiles
 i - 14 arrows
 r - 4 tomahawks of dispersal (quivered)
Armour
 a - a +0 robe (worn)
 g - a +0 pair of gloves (worn)
Jewellery
 f - an amulet of guardian spirit (around neck)
Wands
 j - a wand of flame (30/48)
Scrolls
 d - 2 scrolls of blinking
 e - 3 scrolls of identify
 h - a scroll of enchant armour
 n - a scroll of noise {unknown}
 o - a scroll of recharging {unknown}
 q - a scroll of fear {unknown}
 s - a scroll of teleportation {unknown}
Potions
 m - a potion of brilliance
 p - a potion of haste
 t - a potion of cure mutation
Books
 b - a book of Frost

   Spells                             Type                      Level
   a - Freeze                         Ice                          1
   b - Throw Frost                    Conjuration/Ice              2
   c - Ozocubu's Armour               Charms/Ice                   3
   d - Throw Icicle                   Conjuration/Ice              4
   e - Summon Ice Beast               Ice/Summoning                4
Comestibles
 c - 3 bread rations


   Skills:
 + Level 1.2 Fighting
 + Level 0.2 Short Blades
 + Level 0.8 Armour
 + Level 1.8 Dodging
 * Level 3.3 Stealth
 * Level 2.3 Spellcasting
 * Level 1.4 Conjurations
 * Level 3.2 Ice Magic
 + Level 0.0 Evocations


You couldn't memorise any spells.
You knew the following spells:

 Your Spells              Type           Power        Failure   Level  Hunger
a - Freeze                Ice            ##..         8%          1    #......
b - Throw Frost           Conj/Ice       #.....       14%         2    ###....
c - Ozocubu's Armour      Chrm/Ice       #.......     34%         3    ###....


Dungeon Overview and Level Annotations

Branches:
Dungeon (3/15)

Altars:

Annotations:
D:3 galech's ghost, amateur OgFi


Innate Abilities, Weirdness & Mutations

You cannot wear boots.
Your serpentine skin is tough. (AC +1)
You have supernaturally acute eyesight. (SInv)
Armour fits poorly on your strangely shaped body.
Your system is resistant to poisons. (rPois)
You cover ground very slowly.
You have a slow metabolism.
You can spit poison.


Message History

You see here a chain mail.
Found a robe.
Galech's ghost (amateur Ogre Fighter) comes into view.
Casting: Ozocubu's Armour
Confirm with . or Enter, or press ? or * to list all spells.
A film of ice covers your body!
Galech's ghost turns its malevolent gaze towards you.
Casting: Ozocubu's Armour
Confirm with . or Enter, or press ? or * to list all spells.
You can't see any susceptible monsters within range! (Use Z to cast anyway.) Galech's ghost hits you!
Galech's ghost hits you!
Throwing (i - inventory):
r - 5 tomahawks of dispersal (quivered)
Press: ? - help, Shift-Dir - straight line, f - galech's ghost
Aim: galech's ghost You throw a tomahawk of dispersal.
The tomahawk of dispersal hits galech's ghost but does no damage.
Galech's ghost barely misses you. Galech's ghost hits you!
You die...

### ..# #.#
#.# #.# #.##
#####..####
#.@W......#
#.####.#.##
#.#....# #
#.#.##.# #.#
#.# #######.#
### #.......#
#.......####
#............


You could see galech's ghost.

Vanquished Creatures
  An adder (D:3)
  An ooze (D:1)
  A worm (D:3)
  2 dart slugs (D:2)
  3 leopard geckos
  4 giant cockroaches
  4 hobgoblins (D:2)
  A bat (D:2)
  3 frilled lizards
  2 goblins (D:1)
  2 kobolds (D:2)
  7 rats
31 creatures vanquished.

Notes
Turn   | Place    | Note
-------+----------+-------------------------------------------
     0 | D:1      | Felix the Naga Ice Elementalist began the quest for the Orb.
     0 | D:1      | Reached XP level 1. HP: 15/15 MP: 3/3
   530 | D:1      | Reached XP level 2. HP: 4/22 MP: 0/5
   534 | D:1      | Learned a level 2 spell: Throw Frost
  1427 | D:2      | Reached XP level 3. HP: 28/30 MP: 3/6
  1747 | D:2      | Reached skill level 1 in Fighting
  2305 | D:3      | Learned a level 3 spell: Ozocubu's Armour
  2549 | D:3      | Noticed galech's ghost (amateur OgFi)
  2556 | D:3      | Slain by galech's ghost

Skill      XL: |  1  2  3 |
---------------+----------+-----
Fighting       | 1 |  1.2
Short Blades   | |  0.2
Armour         | |  0.8
Dodging        | |  1.8
Stealth        | |  3.3
Spellcasting   | |  2.3
Conjurations   | |  1.4
Ice Magic      | |  3.2

Action                   || total
-------------------------++-------
Melee: Club              ||     4
       Short sword       ||    32
Throw: Tomahawk          ||     1
 Cast: Freeze            ||    20
       Throw Frost       ||     3
       Ozocubu's Armour  ||     1
 Abil: Spit Poison       ||    11
  Use: Scroll            ||     5
 Stab: Sleeping          ||     4
  Eat: Chunk             ||     5
Armor: Robe              ||     3
Dodge: Dodged            ||    29
